 Dungeon Crawl Stone Soup version 0.26-a0-858-gbf766624f9 (webtiles) character file.

Game seed: 10725008445294612457

58 mhtbhm the Digger (level 3, -4/19 HPs)
             Began as a Deep Elf Earth Elementalist on Nov 24, 2020.
             Slain by a quokka (5 damage)
             ... on level 3 of the Dungeon.
             The game lasted 00:03:18 (3013 turns).

mhtbhm the Digger (Deep Elf Earth Elementalist)     Turns: 3013, Time: 00:03:18

Health: -4/19      AC:  4    Str:  5    XL:     3   Next: 76%
Magic:  10/10      EV: 13    Int: 20    God:
Gold:   133        SH:  0    Dex: 15    Spells: 4/10 levels left

rFire    . . .     SeeInvis .   (no weapon)
rCold    . . .     Faith    .   (no shield)
rNeg     . . .     Spirit   .   c - +0 robe
rPois    .         Reflect  .   m - +0 helmet
rElec    .         Harm     .   f - +0 cloak
rCorr    .         Rampage  .   (no gloves)
MR       .....                  (no boots)
Stlth    ++........             (no amulet)
HPRegen  0.06/turn              (no ring)
MPRegen  0.12/turn              (no ring)

@: no status effects
A: no striking features
a: no special abilities


You were on level 3 of the Dungeon.
You visited 1 branch of the dungeon, and saw 3 of its levels.

You collected 133 gold pieces.

Inventory:

Armour
 c - a +0 robe (worn)
 f - a +0 cloak (worn)
 m - a +0 helmet (worn)
Scrolls
 a - 2 scrolls of teleportation
 e - a scroll of magic mapping
 g - a scroll of fog {unknown}
 k - a scroll of remove curse {unknown}
Potions
 b - a potion of might {unknown}
 d - a potion of heal wounds
 j - a potion of degeneration {unknown}
 l - a potion of haste {unknown}


   Skills:
 + Level 0.1 Fighting
 + Level 3.1 Dodging
 + Level 2.8 Stealth
 + Level 4.0 Spellcasting
 + Level 1.1 Transmutations
 + Level 4.1 Earth Magic


You had 4 spell levels left.
You knew the following spells:

 Your Spells              Type           Power        Failure   Level
a - Sandblast             Erth           ###...       2%          1
b - Passwall              Tmut/Erth      ##......     7%          2
c - Stone Arrow           Conj/Erth      ##....       17%         3

Your spell library contained the following spells:

 Spells                   Type           Power        Failure   Level
 Petrify                  Tmut/Erth      ##......     41%         4
 Lee's Rapid Deconstruct  Erth           ###.......   54%         5


Dungeon Overview and Level Annotations

Branches:
Dungeon (3/15)

Altars:
Okawaru
The Shining One

Annotations:
D:2 Robin


Message History

The quokka is heavily wounded.
The quokka closely misses you.
You miss the quokka.
The quokka is heavily wounded.
The quokka misses you. The quokka completely misses you.
You closely miss the quokka.
The quokka is heavily wounded.
The quokka bites you.
* * * LOW HITPOINT WARNING * * *
You hit the quokka.
The quokka is severely wounded.
The quokka bites you.
* * * LOW HITPOINT WARNING * * *
You barely miss the quokka.
The quokka is severely wounded.
The quokka barely misses you.
You hit the quokka but do no damage.
The quokka is severely wounded.
The quokka bites you.
You die...

#.##.#####.#
###########
#.##.......#
#.########## #.#
#.# #.# ########
##.## #......#
...#...###.####.#
............# #@#
....#...##### #r#
....##.## #.# ##
### #.# #.# #.
#.# ..# #. #+#
..# #. .##
#######. ..
#....... #.###.#.


You could see a quokka.

Vanquished Creatures
  2 adders
  2 dart slugs (D:1)
  A leopard gecko (D:1)
  3 bats (D:1)
  A giant cockroach (D:1)
  4 goblins
  4 hobgoblins (D:1)
  4 jackals (D:3)
  A quokka (D:3)
  3 frilled lizards (D:1)
  4 kobolds
  7 rats
36 creatures vanquished.

Notes
Turn   | Place    | Note
-------+----------+-------------------------------------------
     0 | D:1      | mhtbhm the Deep Elf Earth Elementalist began the quest for
                  | the Orb.
     0 | D:1      | Reached XP level 1. HP: 10/10 MP: 6/6
   222 | D:1      | Reached XP level 2. HP: 15/15 MP: 6/8
   263 | D:1      | Learned a level 2 spell: Passwall
  1389 | D:2      | Reached XP level 3. HP: 19/19 MP: 7/10
  1415 | D:2      | Noticed Robin
  2066 | D:3      | Found a glowing golden altar of the Shining One.
  2446 | D:3      | Found an iron altar of Okawaru.
  2699 | D:3      | Learned a level 3 spell: Stone Arrow
  3013 | D:3      | Slain by a quokka

Illustrated notes

Levels and vault maps discovered:
D:1:      minmay_arrival_open_corners, layout_loops_ring, hangedman_decor_lopped
D:2:      layout_loops_corners, uniq_robin, uniq_crazy_yiuf_cottage
D:3:      layout_loops_corners, general_overflow_altar,
          nicolae_overflow_crystal_walls

Skill      XL: |  1  2  3 |
---------------+----------+-----
Dodging        | 3 |  3.1
Earth Magic    | 4 |  4.1
Spellcasting   | 4 |  4.0
Fighting       | |  0.1
Stealth        | |  2.8
Transmutations | |  1.1

Action                   || total
-------------------------++-------
Melee: Unarmed           ||   170
 Cast: Sandblast         ||    33
       Stone Arrow       ||     1
  Use: Scroll            ||     3
       Potion            ||     2
 Stab: Sleeping          ||     2
Armor: Robe              ||    42
       Skin              ||     5
Dodge: Dodged            ||   143

Table legend: (Time is in decaauts)
 A = Elapsed time spent in this place.
 B = Non-inter-level travel time spent in this place.
 C = Inter-level travel time spent in this place.
 D = Time resting spent in this place.
 E = Time spent auto-exploring this place.
 F = Levels seen in this place.
 G = Mean time per level.
                   A        B        C        D        E       F      G
               +--------+--------+--------+--------+--------+-----+--------+
         Total |   3012 |   2966 |     46 |    875 |   1613 |   3 | 1004.0 |
       Dungeon |   3012 |   2966 |     46 |    875 |   1613 |   3 | 1004.0 |
               +--------+--------+--------+--------+--------+-----+--------+

Top non-repeatable levels by time:
     D:3: 1563 daAuts
     D:1: 1163 daAuts
     D:2: 285 daAuts
